 Dungeon Crawl Stone Soup version 0.25.1-2-g60ff931df9 (webtiles) character file.

Game seed: 10418992605775213274

28 Acheron the Chopper (level 2, -2/24 HPs)
             Began as a Draconian Wanderer on Aug 19, 2020.
             Killed by divine providence
             ... invoked by an orc priest
              (7 damage)
             ... on level 3 of the Dungeon.
             The game lasted 00:06:01 (1264 turns).

Acheron the Chopper (Draconian Wanderer)            Turns: 1264, Time: 00:06:04

Health: -2/24      AC:  4    Str: 14    XL:     2   Next: 96%
Magic:  3/3        EV: 11    Int: 12    God:
Gold:   64         SH:  0    Dex: 10    Spells: 3/3 levels left

rFire    . . .     SeeInvis .   a - +2 hand axe
rCold    . . .     Gourm    .   (no shield)
rNeg     . . .     Faith    .   (armour unavailable)
rPois    .         Spirit   .   (helmet restricted)
rElec    .         Reflect  .   (no cloak)
rCorr    .         Harm     .   (no gloves)
MR       .....                  (no boots)
Stlth    +.........             (no amulet)
HPRegen  0.08/turn              (no ring)
MPRegen  0.08/turn              (no ring)

@: no status effects
A: unfitting armour, cold-blooded, AC +4
a: no special abilities


You were on level 3 of the Dungeon.
You were not hungry.

You visited 1 branch of the dungeon, and saw 3 of its levels.

You collected 64 gold pieces.

Inventory:

Hand Weapons
 a - a +2 hand axe (weapon)
 b - a +0 hand crossbow
 q - a +2 vorpal spear
Missiles
 c - 26 bolts
 e - 11 sling bullets
 j - 6 javelins (quivered)
 l - 26 poisoned darts
 o - 88 stones
Wands
 d - a wand of random effects (15)
Scrolls
 g - a scroll of magic mapping {unknown}
 i - a scroll of remove curse
 p - a scroll of enchant armour
 s - a scroll of immolation
 t - a scroll of enchant weapon {unknown}
 v - a scroll of teleportation {unknown}
Potions
 h - a potion of curing {unknown}
 k - a potion of berserk rage {unknown}
 m - 2 potions of brilliance {unknown}
 n - a potion of lignification {unknown}
 u - a potion of cancellation {unknown}
Comestibles
 f - 4 rations


   Skills:
 * Level 2.3 Fighting
 + Level 3.6 Axes
 * Level 0.5 Dodging
 * Level 1.0 Spellcasting
   Level 1.0 Necromancy
   Level 1.0 Earth Magic
 * Level 2.4 Evocations


You had 3 spell levels left.
You didn't know any spells.
Your spell library was empty.

Dungeon Overview and Level Annotations

Branches:
Dungeon (3/15)

Altars:


Innate Abilities, Weirdness & Mutations

Your plain brown scales are hard. (AC +4)
You cannot fit into any form of body armour.
You are cold-blooded and may be slowed by cold attacks.


Message History

An orc comes into view. It is wielding a +0 flail.
The orc moves out of view.
The orc shouts!
You hear a shout!
You eat one of the 5 rations.
That ration really hit the spot!
An orc priest comes into view. It is wielding a +0 dagger.
As you read the scroll labeled XUXIZE LIAN, it crumbles to dust.
The creatures around you are filled with an inner flame!
It was a scroll of immolation.
The orc hits you with a +0 flail.
As you read the scroll labeled RUDOMP WYXUCAI, it crumbles to dust.
It is a scroll of enchant armour.
You aren't carrying any armour which can be enchanted further.
The orc priest looks encouraged for a moment.
As you read the scroll labeled BIGAOV PUXOESYAN, it crumbles to dust.
You feel blessed for a moment.
It was a scroll of remove curse.
The orc hits you with a +0 flail!
* * * LOW HITPOINT WARNING * * *
The orc priest calls down the wrath of Beogh upon you.
Beogh smites you!
You die...

#.. .!....# # #.. ..... #
#.. ..r # #.# #+# # #o#
#.# # #.#
#.############### #.#
#................
#.#########..............
#....o.o@o...............
###########.#############
#.# #.# #.# #.# #.# .#


You could see 2 orc priests and an orc (inner flame).

Vanquished Creatures
  A worm (D:2)
  4 bats (D:1)
  2 giant cockroaches
  7 goblins
  A quokka (D:2)
  A frilled lizard (D:1)
  4 kobolds
  4 rats (D:1)
24 creatures vanquished.

Notes
Turn   | Place    | Note
-------+----------+-------------------------------------------
     0 | D:1      | Acheron the Draconian Wanderer began the quest for the Orb.
     0 | D:1      | Acheron set off with the following items: a +2 hand axe, a
                  | +0 hand crossbow, 26 bolts, a wand of random effects (15),
                  | a ration
     0 | D:1      | Reached XP level 1. HP: 17/17 MP: 2/2
   334 | D:1      | Reached XP level 2. HP: 21/24 MP: 3/3
  1264 | D:3      | Killed from afar by an orc priest

Illustrated notes

Levels and vault maps discovered:
D:1:      dpeg_arrival_subterranean_lakeside_camping, layout_basic
D:2:      layout_loops_ring, marbit_many_paths, minivault_26
D:3:      layout_basic, nemelex_xobeh_ov_fountains_minmay, first_ration,
          hangedman_decor_peaks_small

Action                   || total
-------------------------++-------
Melee: Hand axe          ||    68
       Tailslap          ||     7
  Use: Scroll            ||     4
  Eat: Ration            ||     1
Armor: Skin              ||    36
Dodge: Dodged            ||    47
